 Dungeon Crawl Stone Soup version 0.32-a0-616-g9348d4545b (webtiles) character file.

Game seed: 9134173899608958878

186 ezpacito the Trooper (level 5, -7/42 HPs)
             Began as a Coglin Chaos Knight on Mar 6, 2024.
             Was a Plaything of Xom.
             Engulfed by a cloud of flame (30 damage)
             ... on level 3 of the Dungeon.
             The game lasted 00:04:18 (2810 turns).

ezpacito the Trooper (Coglin Chaos Knight)          Turns: 2810, Time: 00:04:19

Health: -7/42      AC:  8    Str: 14    XL:     5   Next: 65%
Magic:  6/6        EV: 11    Int: 12    God:    Xom [*.....]
Gold:   272        SH:  0    Dex: 13    Spells: 6/6 levels left

rFire   . . .        a - +1 hand axe (chaos) {Tae}
rCold   . . .        n - +1 dagger (distort) {Cashile}
rNeg    . . .        e - +2 ring mail {rPois}
rPois   +            o - +0 helmet
rElec   .            (no cloak)
rCorr   .            (no gloves)
SInv    .            (no boots)
Will    .....        (amulet unavailable)
Stlth   +            (ring unavailable)
HPRegen 0.27/turn    (ring unavailable)
MPRegen 0.10/turn    (no gizmo)

%: no passive effects
@: no status effects
A: off-hand wielding, slow wielding, warmup strikes, no jewellery
a: Invent Gizmo, Renounce Religion


You were on level 3 of the Dungeon.
You worshipped Xom.
You were a special plaything of Xom.
You visited 1 branch of the dungeon, and saw 3 of its levels.

You collected 272 gold pieces.

Inventory:

Hand Weapons
 a - a +1 hand axe of chaos (weapon) {Tae}
 n - a +1 dagger of distortion (offhand) {Cashile}
Missiles
 k - 4 boomerangs
Armour
 e - a +2 ring mail of poison resistance (worn)
 o - a +0 helmet (worn)
Scrolls
 c - a scroll of butterflies
 h - 2 scrolls of vulnerability
Potions
 f - a potion of might {unknown}
 g - a potion of haste {unknown}
 i - a potion of brilliance
 l - a potion of heal wounds
 m - a potion of lignification {unknown}


   Skills:
 * Level 3.8 Fighting
 * Level 3.6(3.7) Axes
 + Level 1.1(2.3) Polearms
 * Level 2.5 Armour
 * Level 2.3 Dodging
 + Level 1.0 Stealth
 + Level 1.0 Spellcasting


You had 6 spell levels left.
You didn't know any spells.
Your spell library contained the following spells:

 Spells                   Type           Power      Damage    Failure   Level
 Kiss of Death            Conj/Necr      0%         2d5       52%         1
 Confusing Touch          Hex            0%         N/A       87%         3
 Dispel Undead            Necr           0%         3d6       99%         4


Dungeon Overview and Level Annotations

Branches:
Dungeon (3/15)

Altars:
Vehumet


Innate Abilities, Weirdness & Mutations

You can wield a second weapon in your off-hand.
It takes a long time for you to wield or remove held weapons.
Your first few attacks do less damage.
You cannot equip rings or amulets.


Message History

The adder barely misses you.
You miss the adder with your +0 hand axe of chaos.
The adder is heavily wounded.
You barely miss the adder with your +1 dagger of distortion.
The adder bites you but does no damage.
You miss the adder with your +0 hand axe of chaos.
The adder is heavily wounded.
You hit the adder with your +1 dagger of distortion.
The adder blinks!
Okay, then.
You hit the adder but do no damage.
The adder is severely wounded.
You barely miss the adder with your +0 hand axe of chaos.
The adder blinks!
As you read the scroll labelled CAFRER NILEOZ, it crumbles to dust.
It is a scroll of enchant weapon.
Your +0 hand axe of chaos {Tae} glows red for a moment.
As you read the scroll labelled LEZXECWOZU, it dissolves into smoke.
It was a scroll of fog.
As you read the scroll labelled ORASIGR TAIVA, it crumbles to dust.
You assume a fearsome visage.
The adder looks frightened!
It was a scroll of fear.
The air fills with toxic fumes!
As you read the scroll labelled ORGHOI ROWUR, it crumbles to dust.
It was a scroll of poison.
The adder is poisoned.
Okay, then.
Press: ? - help, v - describe, . - travel The floor.
There is a cloud of purple smoke here.
As you read the scroll labelled XYJEIQILUB, it crumbles to dust.
The creatures around you are filled with an inner flame!
It was a scroll of immolation.
Flame seeps out of the adder.
The adder is engulfed in poison gas.
The adder looks even sicker.
The adder's corpse disappears in a puff of smoke!
The adder explodes!
You are engulfed in blazing flames.
You take 13 damage, and have 23/42 hp.
MASSIVE DAMAGE!!
You are engulfed in blazing flames.
Ouch! That really hurt!
You die...

#.....#........##.#.
#.#####...#######...
#.# #☼§°# #..### #.#
#§○§# ##.#.. #.#
#.§☼# #..#.#
#.#####§§§#####.##.#
#..§§§§§§§§.○°.....#
#..○☼§§§§§§§○°......
##.@§§§§§§§§§..#.###
######§§§######.#..
#§○☼# #...# #.○§#
###### #°☼§# #.....
#...######.###
##.........#
###########


There were no monsters in sight!

Vanquished Creatures
  An orc priest (D:3)
  Robin (D:3)
  4 gnolls
  4 adders
  2 dart slugs
  2 orcs (D:3)
  5 ball pythons
  3 endoplasms (D:1)
  2 giant cockroaches (D:1)
  12 goblins
  6 hobgoblins
  8 jackals
  A quokka (D:2)
  2 bats (D:1)
  8 frilled lizards
  2 kobolds
  3 rats
66 creatures vanquished.

Notes
Turn   | Place    | Note
-------+----------+-------------------------------------------
     0 | D:1      | ezpacito the Coglin Chaos Knight began the quest for the
                  | Orb.
     0 | D:1      | Reached XP level 1. HP: 18/18 MP: 1/1
    40 | D:1      | Reached skill level 1 in Dodging
    57 | D:1      | Found a faded altar of an unknown god.
   116 | D:1      | XOM: butterfly on damage
   121 | D:1      | Reached XP level 2. HP: 18/24 MP: 2/2
   250 | D:1      | Reached XP level 3. HP: 29/29 MP: 3/3
   868 | D:1      | XOM: silly message
  1059 | D:2      | XOM: enchant monster (bad)
  1073 | D:2      | Reached XP level 4. HP: 30/35 MP: 5/5
  1115 | D:2      | XOM: divination: magic mapping
  1133 | D:2      | XOM: divination: detect items
  1223 | D:2      | You fall into a shaft and drop 1 floor!
  1223 | D:3      | Found a radiant altar of Vehumet.
  1363 | D:3      | XOM: god gift: scroll labelled OSTAULYOJU {god gift}
  1453 | D:3      | Noticed Robin
  1462 | D:3      | Killed Robin
  1473 | D:3      | Reached skill level 1 in Polearms
  1473 | D:3      | Reached skill level 1 in Spellcasting
  1473 | D:3      | Reached XP level 5. HP: 20/42 MP: 6/6
  1919 | D:2      | Reached skill level 1 in Stealth
  2779 | D:3      | XOM: summons 2 hostile shadow creatures
  2810 | D:3      | Engulfed by a cloud of flame

Illustrated notes

Levels and vault maps discovered:
D:1:      wheals_arrival_linesprint, layout_loops_ring,
          nicolae_ecumenical_lake_church
D:2:      layout_loops_corners, grunt_ministairs_1, chequers_serial_rivers_marsh
D:3:      layout_basic, nicolae_vehumet_altar_sigil, lemuel_flame_loot_1,
          uniq_robin

Skill      XL: |  1  2  3  4  5 |
---------------+----------------+-----
Dodging        | 1 2 |  2.3
Armour         | 2 |  2.5
Polearms       | 1 |  1.1
Spellcasting   | 1 |  1.0
Stealth        | 1 |  1.0
Fighting       | |  3.8
Axes           | |  3.6

Action                     |  1- 3 |  4- 6 || total
---------------------------+-------+-------++-------
  Melee: Hand axe          |    80 |    61 ||   141
         Dagger            |    81 |    66 ||   147
    Use: Potion            |       |     2 ||     2
         Scroll            |       |     9 ||     9
   Stab: Petrifying        |     1 |       ||     1
 Armour: Ring mail         |    65 |    62 ||   127
  Dodge: Dodged            |    43 |    34 ||    77

Table legend: (Time is in decaauts)
 A = Elapsed time spent in this place.
 B = Non-inter-level travel time spent in this place.
 C = Inter-level travel time spent in this place.
 D = Time resting spent in this place.
 E = Time spent auto-exploring this place.
 F = Levels seen in this place.
 G = Mean time per level.
                   A        B        C        D        E       F      G
               +--------+--------+--------+--------+--------+-----+--------+
         Total |   2823 |   2733 |     90 |     36 |   2178 |   3 |  941.0 |
       Dungeon |   2823 |   2733 |     90 |     36 |   2178 |   3 |  941.0 |
               +--------+--------+--------+--------+--------+-----+--------+

Top non-repeatable levels by time:
     D:1: 1016 daAuts
     D:2: 1009 daAuts
     D:3: 796 daAuts
